 Dungeon Crawl Stone Soup version 0.25.1-11-g244df3a29b (webtiles) character file.

Game seed: 10957428853694212414

9026 DeepDeath the Basher (level 11, -4/63 HPs)
             Began as a Gargoyle Abyssal Knight on Jan 20, 2024.
             Was a High Priest of Lugonu.
             Killed by the air
             ... invoked by Gastronok
              (26 damage)
             ... on level 1 of the Lair of Beasts.
             The game lasted 00:31:20 (9586 turns).

DeepDeath the Basher (Gargoyle Abyssal Knight)      Turns: 9586, Time: 00:31:21

Health: -4/63      AC: 19    Str: 18    XL:     11   Next: 40%
Magic:  14/14      EV: 14    Int: 14    God:    Lugonu [*****.]
Gold:   89         SH:  4    Dex:  9    Spells: 10/10 levels left

rFire    . . .     SeeInvis .   s - +1 flail (drain)
rCold    + . .     Gourm    .   x - +0 buckler
rNeg     + . .     Faith    .   L - +0 scale mail {rC+}
rPois    ∞         Spirit   .   (no helmet)
rElec    +         Reflect  .   D - +0 cloak
rCorr    .         Harm     .   i - +0 pair of gloves
MR       .....                  H - +0 pair of boots
Stlth    +.........             N - amulet of magic regeneration
HPRegen  0.20/turn              g - +4 ring of evasion
MPRegen  0.39/turn              I - ring of stealth

@: slowed, very slow
A: negative energy resistance 1, electricity resistance, unbreathing,
petrification resistance, rot immunity, AC +8
a: Depart the Abyss, Bend Space, Banish, Corrupt, Enter the Abyss, Renounce
Religion


You were on level 1 of the Lair of Beasts.
You worshipped Lugonu.
Lugonu was extremely pleased with you.
You were not hungry.

You visited 2 branches of the dungeon, and saw 11 of its levels.
You visited the Abyss 1 time.

You collected 518 gold pieces.
You spent 429 gold pieces at shops.

Inventory:

Hand Weapons
 a - a +2 antimagic whip
 q - the +8 hunting sling of Eternal Harmony {flame, rF+ rN++}
   (You found it on level 6 of the Dungeon)

   It causes projectiles fired from it to burn those they strike, causing extra
   injury to most foes and up to half again as much damage against particularly
   susceptible opponents.
   It protects you from fire.
   It greatly protects you from negative energy.
 s - a +1 flail of draining (weapon)
 v - a +1 mace
 w - a +3 whip of venom
 y - a +0 morningstar
 G - a +1 hand axe of freezing
Missiles
 d - 11 atropa-tipped darts
 h - 37 poisoned darts (quivered)
 j - 52 sling bullets
 k - 164 stones
 E - a throwing net
Armour
 i - a +0 pair of gloves (worn)
 x - a +0 buckler (worn)
 A - a +0 scale mail of fire resistance
 D - a +0 cloak (worn)
 F - a +2 ring mail of fire resistance
 H - a +0 pair of boots (worn)
 L - a +0 scale mail of cold resistance (worn)
Jewellery
 g - a +4 ring of evasion (left hand)
 o - a +4 ring of slaying
 I - a ring of stealth (right hand)
 N - an amulet of magic regeneration (around neck)
Wands
 m - a wand of disintegration (19)
 p - a wand of digging (3)
 Q - a wand of enslavement (3)
Scrolls
 l - 3 scrolls of teleportation
 t - 3 scrolls of magic mapping
 J - 4 scrolls of remove curse
 O - a scroll of identify
 P - a scroll of fog
 R - a scroll of fear
Potions
 b - 2 potions of haste
 c - 2 potions of curing
 e - 2 potions of mutation
 f - 2 potions of stabbing
 n - 2 potions of brilliance
 r - a potion of resistance
 u - 2 potions of ambrosia
 z - 2 potions of berserk rage
 C - 2 potions of invisibility
 K - a potion of flight
 M - a potion of magic
Comestibles
 B - 25 rations
 S - 2 chunks of flesh


   Skills:
 - Level 5.0 Fighting
 * Level 12.3 Maces & Flails
 + Level 6.7(6.8) Slings
 - Level 2.0(4.6) Throwing
 - Level 6.0 Armour
 - Level 2.0 Dodging
 - Level 5.0 Shields
 - Level 5.0 Invocations
 - Level 2.0 Evocations


You had 10 spell levels left.
You didn't know any spells.
Your spell library contained the following spells:

 Spells                   Type           Power        Failure   Level  Hunger
 Animate Skeleton         Necr           N/A          63%         1    ##.....
 Apportation              Tloc           #.....       63%         1    ##.....
 Corona                   Hex            #......      63%         1    ##.....
 Summon Small Mammal      Summ           #...         63%         1    ##.....


Dungeon Overview and Level Annotations

Branches:
Dungeon (10/15)            Temple (0/1) D:7            Lair (1/6) D:8
    Orc: D:9-12

Altars:
Cheibriados
Dithmenos
Elyvilon
Gozag
Hepliaklqana
Kikubaaqudgha
Nemelex Xobeh
Okawaru
Sif Muna
Trog
Uskayaw
Vehumet
Wu Jian
The Shining One

Shops:
D:9 [   D:10 *

Annotations:
Lair:1 Gastronok


Innate Abilities, Weirdness & Mutations

You are resistant to torment.
Your stone body is resilient. (AC +8)
You are immune to poison.
You resist negative energy. (rN+)
You are resistant to electric shocks. (rElec)
You can survive without breathing.
You are immune to petrification.
You are immune to rotting.


Message History

Gastronok is severely wounded.
Gastronok bites you but does no damage.
You hit Gastronok. You drain Gastronok.
Gastronok is severely wounded.
You hit Gastronok but do no damage.
Gastronok is severely wounded.
You sock Gastronok!
Gastronok is severely wounded.
Gastronok looks at you while chanting.
You feel yourself slow down.
You hit Gastronok.
Gastronok is severely wounded.
You hit Gastronok. You drain Gastronok.
Gastronok is almost dead.
Gastronok bites you.
You sock Gastronok!
Gastronok is almost dead.
Gastronok waves his eye-stalks in wide circles.
The air twists around and strikes you!!
You die...

###...............###...###
##[...............##
#...... #......######.#..##
####... ##......#### ######
#... #.......##.## #...
...###......# #... ..
#......# # #... .
#......###.#### ####...
#......@w...... #......
#.............. #......
#.............. #......
########.###### ####### ##


You could see Gastronok (swift, very poisoned, drained).

Vanquished Creatures
  3 death yaks
  Nergalle (Lair:1)
  An unseen horror (D:9)
  A cyclops (D:9)
  Joseph (D:7)
  A gargoyle (D:10)
  A troll (D:6)
  A hippogriff (D:8)
  A wyvern (D:8)
  Sigmund (D:6)
  A spriggan (D:7)
  2 hungry ghosts
  A soldier ant (D:10)
  Menkaure (D:6)
  A water moccasin (Lair:1)
  A porcupine (D:8)
  An orc warrior (D:10)
  A phantom (D:8)
  3 sky beasts
  6 ogres
  3 centaurs
  2 big kobolds
  3 bullfrogs
  A gnoll sergeant (D:8)
  A water moccasin zombie (D:10)
  A wyvern skeleton (D:10)
  A scorpion (D:6)
  12 killer bees
  2 howler monkeys
  A bullfrog zombie (D:6)
  A centaur zombie (D:6)
  3 crimson imps
  2 jellies
  A gnoll shaman (D:2)
  Crazy Yiuf (D:7)
  A bullfrog skeleton (D:5)
  3 orc priests
  6 hounds
  6 orc wizards
  An iguana (D:6)
  4 worker ants
  2 hell rats (D:8)
  A hound zombie (D:9)
  13 gnolls
  7 adders
  A river rat (D:8)
  A shadow imp (D:4)
  2 dart slugs
  4 worms
  A leopard gecko (D:9)
  16 orcs
  2 ball pythons (D:2)
  7 bats
  6 giant cockroaches
  9 goblins
  10 hobgoblins
  13 jackals
  5 quokkas
  6 frilled lizards
  A jackal zombie (D:4)
  13 kobolds
  A leopard gecko skeleton (D:6)
  7 rats
214 creatures vanquished.

Vanquished Creatures (others)
  A bush (D:10)
1 creature vanquished.

Grand Total: 215 creatures vanquished

Notes
Turn   | Place    | Note
-------+----------+-------------------------------------------
     0 | Abyss:1  | DeepDeath the Gargoyle Abyssal Knight began the quest for
                  | the Orb.
     0 | Abyss:1  | Reached XP level 1. HP: 14/14 MP: 2/2
    42 | Abyss:1  | Noticed an orange demon
    44 | Abyss:1  | Noticed a small abomination
    45 | D:1      | Escaped the Abyss
   133 | D:1      | Reached * piety under Lugonu
   182 | D:1      | Reached XP level 2. HP: 15/19 MP: 3/3
   514 | D:1      | Reached skill level 3 in Maces & Flails
   960 | D:2      | Reached XP level 3. HP: 23/23 MP: 4/4
  1040 | D:2      | Reached skill level 1 in Dodging
  1302 | D:2      | Reached XP level 4. HP: 24/28 MP: 5/5
  1410 | D:2      | Reached ** piety under Lugonu
  1592 | D:2      | Reached skill level 4 in Maces & Flails
  1592 | D:2      | Reached skill level 1 in Throwing
  1595 | D:2      | Reached XP level 5. HP: 31/32 MP: 6/6
  1749 | D:2      | Found a shimmering blue altar of Sif Muna.
  2279 | D:4      | Noticed an ogre
  2320 | D:4      | Killed an ogre
  2320 | D:4      | Reached skill level 1 in Shields
  2320 | D:4      | Reached XP level 6. HP: 15/37 MP: 7/7
  2563 | D:4      | Reached skill level 5 in Maces & Flails
  3087 | D:5      | Entered Level 5 of the Dungeon
  3091 | D:5      | Found an iron altar of Okawaru.
  3138 | D:5      | Reached XP level 7. HP: 41/41 MP: 8/8
  3501 | D:5      | Found a bloodstained altar of Trog.
  3535 | D:5      | Found a radiant altar of Vehumet.
  3535 | D:5      | Found a shadowy altar of Dithmenos.
  4013 | D:6      | Reached skill level 6 in Maces & Flails
  4192 | D:6      | Noticed Menkaure
  4202 | D:6      | Killed Menkaure
  4202 | D:6      | Reached skill level 7 in Maces & Flails
  4202 | D:6      | Reached XP level 8. HP: 30/46 MP: 3/9
  4299 | D:6      | Got a crude hunting sling
  4300 | D:6      | Identified the +8 hunting sling of Eternal Harmony {flame,
                  | rF+ rN++} (You found it on level 6 of the Dungeon)
  4381 | D:6      | Noticed a troll
  4402 | D:6      | Killed a troll
  4402 | D:6      | Reached skill level 8 in Maces & Flails
  4402 | D:6      | Reached skill level 1 in Slings
  4402 | D:6      | Reached skill level 1 in Evocations
  4469 | D:6      | Reached *** piety under Lugonu
  4474 | D:6      | Noticed Sigmund
  4516 | D:6      | Killed Sigmund
  4944 | D:7      | Found an ornate altar of the Wu Jian Council.
  4963 | D:7      | Found a runed translucent door.
  4964 | D:7      | Noticed Crazy Yiuf
  4985 | D:7      | Noticed Joseph
  5030 | D:7      | Killed Joseph
  5030 | D:7      | Reached XP level 9. HP: 16/53 MP: 3/10
  5215 | D:7      | Reached skill level 9 in Maces & Flails
  5522 | D:7      | Found a staircase to the Ecumenical Temple.
  5531 | D:7      | Reached skill level 5 in Fighting
  5784 | D:8      | Noticed a death yak
  5795 | D:8      | Noticed a death yak
  5796 | D:8      | Noticed a death yak
  5810 | D:8      | Killed a death yak
  5810 | D:8      | Reached skill level 10 in Maces & Flails
  5810 | D:8      | Reached skill level 5 in Shields
  5810 | D:8      | Reached XP level 10. HP: 34/59 MP: 10/12
  5828 | D:8      | Found an opulent altar of Gozag.
  5828 | D:8      | Found a hazy altar of Hepliaklqana.
  5828 | D:8      | Found an ancient bone altar of Kikubaaqudgha.
  5828 | D:8      | Found a snail-covered altar of Cheibriados.
  5828 | D:8      | Found a sparkling altar of Nemelex Xobeh.
  5828 | D:8      | Found a white marble altar of Elyvilon.
  5828 | D:8      | Found a glowing golden altar of the Shining One.
  5828 | D:8      | Found a hide-covered altar of Uskayaw.
  6272 | D:7      | Killed a death yak
  6272 | D:7      | Reached skill level 5 in Armour
  6556 | D:7      | Killed a death yak
  6653 | D:7      | Killed Crazy Yiuf
  6801 | D:8      | Found a staircase to the Lair.
  6819 | D:8      | Reached skill level 5 in Slings
  6842 | D:8      | Reached **** piety under Lugonu
  7516 | D:9      | Noticed a cyclops
  7530 | D:9      | Killed a cyclops
  7574 | D:9      | Killed an unseen horror
  7574 | D:9      | Reached skill level 11 in Maces & Flails
  7574 | D:9      | Reached skill level 5 in Invocations
  8084 | D:9      | Reached XP level 11. HP: 63/63 MP: 4/14
  8363 | D:9      | Found a snail-covered altar of Cheibriados.
  8365 | D:9      | Found Cheibriados's Comfort Zone.
  8578 | D:10     | Entered Level 10 of the Dungeon
  8920 | D:10     | Found Putyaria's Assorted Antiques.
  8932 | D:10     | Bought a glowing scale mail for 182 gold pieces
  8932 | D:10     | Bought a scroll of identify for 52 gold pieces
  8932 | D:10     | Bought a forked copper wand for 104 gold pieces
  8932 | D:10     | Bought a scroll of fear for 91 gold pieces
  8970 | D:10     | Reached skill level 12 in Maces & Flails
  9170 | D:10     | Reached ***** piety under Lugonu
  9361 | Lair:1   | Entered Level 1 of the Lair of Beasts
  9377 | Lair:1   | Noticed Nergalle
  9417 | Lair:1   | Killed Nergalle
  9554 | Lair:1   | Noticed Gastronok
  9586 | Lair:1   | Killed from afar by Gastronok

Illustrated notes

Levels and vault maps discovered:
D:1:      giann_bridges, layout_basic
D:2:      layout_loops_cross, marbit_many_paths
D:3:      layout_rooms, first_ration
D:4:      layout_gridville
D:5:      layout_cave_pods, lightli_temple_of_fire, okawaru_trees_2,
          gammafunk_temple_overflow_pools
D:6:      layout_rooms, st_stairs_11, uniq_sigmund, uniq_menkaure
D:7:      layout_rooms, minmay_temple_entry_proselytizer, basic_altar,
          the_bakery, uniq_crazy_yiuf_cottage, uniq_joseph
D:8:      layout_layer_cave, grunt_temple_overflow_open, dpeg_lair_monsters
D:9:      layout_cave_pools, statue_in_the_mist_lemuel, minmay_shop_chei
D:10:     minmay_klotski, layout_basic, serial_shops, nicolae_shop_statue_plus
Lair:1:   layout_cellular_growth, uniq_nergalle, uniq_gastronok

Skill      XL: |  1  2  3  4  5  6  7  8  9 10 11 |
---------------+----------------------------------+-----
Maces & Flails | 3 4 5 7 8 10 11 12 | 12.3
Dodging        | 1 2 |  2.0
Throwing       | 1 2 |  2.0
Armour         | 3 4 6 |  6.0
Shields        | 1 2 3 5 |  5.0
Slings         | 2 4 5 6 |  6.7
Evocations     | 2 |  2.0
Fighting       | 4 5 |  5.0
Invocations    | 5 |  5.0

Action                   |  1- 3 |  4- 6 |  7- 9 | 10-12 || total
-------------------------+-------+-------+-------+-------++-------
Melee: Mace              |    44 |       |       |       ||    44
       Whip              |    80 |   155 |   297 |   477 ||  1009
       Flail             |       |       |       |    43 ||    43
 Fire: Hunting sling     |       |       |    10 |    16 ||    26
Throw: Dart              |       |    17 |    16 |    16 ||    49
Invok: Depart the Abyss  |     1 |       |       |       ||     1
Evoke: Wand              |       |       |     4 |     7 ||    11
  Use: Scroll            |     7 |     4 |     9 |    11 ||    31
       Potion            |       |       |     2 |     1 ||     3
  Eat: Chunk             |     1 |     6 |     9 |    15 ||    31
Armor: Leather armour    |    24 |       |       |       ||    24
       Ring mail         |    29 |    63 |    65 |   104 ||   261
       Scale mail        |       |       |    22 |    64 ||    86
Dodge: Dodged            |    76 |    56 |    85 |   283 ||   500
Block: Buckler           |       |     1 |    30 |    80 ||   111
